[Event "Early Titled Tuesday Blitz | February 8 2022"]
[White "Yang, Kaiqi"]
[Black "Vokhidov, Shamsiddin"]
[WhiteFideId "8604398"]
[BlackFideId "14204223"]
[WhiteElo "2373"]
[BlackElo "2611"]
[Result "1/2-1/2"]
[Round "03"]
[TimeControl "180+1"]
[Date "2022.02.08"]
[WhiteClock "0:00:03"]
[BlackClock "0:00:10"]

1. c4 e5 2. Nc3 Nf6 3. Nf3 Nc6 4. e4 Bb4 5. d3 d6 6. h3 a5 7. Be2 O-O 8. O-O Bc5 9. Be3 Nd4 10. Qd2 c6 11. Rae1 a4 12. Bd1 a3 13. b3 Qa5 14. Qc1 Nxf3+ 15. Bxf3 Bb4 16. Bd2 Nd7 17. Re3 Nc5 18. Bd1 f5 19. exf5 Bxf5 20. Be2 Ne6 21. Bg4 Nf4 22. Bxf5 Rxf5 23. Kh2 Raf8 24. Ne4 Ne6 25. Bxb4 Qxb4 26. f3 d5 27. Ng3 Rg5 28. Qe1 Qd6 29. h4 Rg6 30. Rxe5 Nf4 31. Rg5 Rxg5 32. hxg5 Nxd3 33. Qe3 dxc4 34. bxc4 Ne5 35. c5 Qd5 36. Re1 Nd7 37. Qe6+ Qxe6 38. Rxe6 Nxc5 39. Re3 Ra8 40. Nf5 g6 41. Nh6+ Kf8 42. Re5 b6 43. f4 Rd8 44. f5 Rd5 45. fxg6 Rxe5 46. gxh7 Kg7 47. h8=Q+ Kxh8 48. Nf7+ Kg7 49. Nxe5 Nd3 50. Nxc6 b5 51. Nd4 b4 52. Nc2 b3 53. axb3 a2 54. Na1 Kg6 55. Kg3 Kxg5 56. Kf3 Ne1+ 57. Kf2 Nd3+ 58. Ke3 Nf4 59. g3 Nh5 60. Kf3 Kf6 61. b4 Ke5 62. b5 Kd5 63. g4 Ng7 64. Kf4 Kc5 65. Ke5 Kxb5 66. Kf6 Ne8+ 67. Ke7 Ng7 68. Kf6 Ne8+ 69. Ke7 Nc7 70. g5 Nd5+ 71. Ke6 Nf4+ 72. Kf5 Nd5 73. Ke5 Ne7 74. Ke6 Ng6 75. Kf5 Nh4+ 76. Kg4 Ng6 77. Kf5 Nf8 78. Kf6 Kb4 79. Kf7 Nd7 80. Ke6 Nf8+ 81. Kf7 Nd7 82. Ke6 Nc5+ 83. Kd5 Nd7 84. g6 Nf6+ 85. Kd4 Nh5 86. Kd3 Ka3 87. Kc2 Ng7 88. Kc3 Nf5 89. Kc2 Nd4+ 90. Kc3 Ne6 91. Nc2+ Ka4 92. Kb2 a1=Q+ 93. Nxa1 Kb4 94. Nc2+ Kc4 95. Kc1 Kd5 96. Kd2 Ke5 97. Ne3 Kf6 98. Nc2 Kxg6 1/2-1/2


[Site "https://www.chess.com"]

[Event "Early Titled Tuesday Blitz | February 8 2022"]
[White "Yirik, Volkan"]
[Black "Svane, Frederik"]
[WhiteFideId "6300782"]
[BlackFideId "12923044"]
[WhiteElo "2357"]
[BlackElo "2831"]
[Result "0-1"]
[Round "03"]
[TimeControl "180+1"]
[Date "2022.02.08"]
[WhiteClock "0:01:21"]
[BlackClock "0:00:04"]

1. e4 c5 2. Nc3 Nc6 3. f4 g6 4. Bc4 Bg7 5. Nf3 e6 6. O-O Nge7 7. Qe1 O-O 8. d3 d5 9. Bb3 Nd4 10. Nxd4 cxd4 11. Ne2 dxe4 12. dxe4 d3 13. Nc3 Nc6 14. Be3 dxc2 15. Bxc2 Bd4 16. Rd1 Qb6 17. Bxd4 Nxd4 18. Na4 Nf3+ 19. Kh1 Nxe1 20. Nxb6 axb6 21. Rfxe1 Rxa2 22. Bb3 Rxb2 23. Re3 Kg7 24. h3 Re8 25. e5 Re7 26. Red3 Bd7 27. Rxd7 Rxd7 28. Rxd7 Rxb3 29. Rxb7 h5 30. h4 b5 31. Rb8 Rb4 32. g3 Rb2 33. Kg1 b4 34. Kh1 b3 35. Kg1 g5 36. fxg5 Kg6 37. Kf1 Kf5 38. Rf8 Rc2 39. Rxf7+ Kg6 40. Rb7 b2 41. Ke1 Rc1+ 42. Kd2 b1=Q 43. Re7 Qc2+ 44. Ke3 Re1+ 45. Kd4 Re4# 0-1


[Site "https://www.chess.com"]

[Event "Early Titled Tuesday Blitz | February 8 2022"]
[White "Yonal, Timur"]
[Black "Urbina Perez, Juan Antonio"]
[WhiteFideId "44115725"]
[BlackFideId "2217368"]
[WhiteElo "1762"]
[BlackElo "2192"]
[Result "0-1"]
[Round "03"]
[TimeControl "180+1"]
[Date "2022.02.08"]
[WhiteClock "0:00:01"]
[BlackClock "0:01:56"]

1. e4 c6 2. d4 d5 3. Nc3 dxe4 4. Nxe4 Nd7 5. Nf3 Ngf6 6. Nxf6+ Nxf6 7. Bd3 Bg4 8. c3 e6 9. O-O Qd5 10. Be2 Be7 11. h3 Bf5 12. Bg5 h6 13. Bxf6 Bxf6 14. Bd3 Bxd3 15. Qxd3 O-O 16. c4 Qd6 17. Rad1 Rfd8 18. c5 Qd5 19. a3 Rd7 20. Rd2 Rad8 21. Rfd1 e5 22. Qc3 exd4 23. Qb4 Qf5 24. Nxd4 Qf4 25. Nc2 Qxb4 0-1


[Site "https://www.chess.com"]

[Event "Early Titled Tuesday Blitz | February 8 2022"]
[White "Yoo, Christopher Woojin"]
[Black "Loay, Sameer"]
[WhiteFideId "30909694"]
[BlackFideId "8104239"]
[WhiteElo "2105"]
[BlackElo "2040"]
[Result "1-0"]
[Round "03"]
[TimeControl "180+1"]
[Date "2022.02.08"]
[WhiteClock "0:00:37"]
[BlackClock "0:01:08"]

1. e4 d6 2. d4 g6 3. Bd3 Bg7 4. c3 Nf6 5. Nf3 O-O 6. O-O c5 7. dxc5 dxc5 8. Qe2 Nc6 9. Nbd2 Ng4 10. Bc2 b6 11. h3 Nge5 12. Nxe5 Nxe5 13. f4 Nc6 14. e5 Bb7 15. Be4 e6 16. Nc4 Qc7 17. Nd6 Rad8 18. Qf3 Rxd6 19. exd6 Qxd6 20. Be3 f5 21. Bxc6 Bxc6 22. Rad1 Qc7 23. Qe2 Bd5 24. c4 Be4 25. Rd2 Qc6 26. Rfd1 g5 27. Rd6 Qc8 28. fxg5 f4 29. Bc1 Bf5 30. Bxf4 Bd4+ 31. Kh1 Bxh3 32. Be5 Rf2 33. Qxf2 Bxf2 34. Rd8+ Qxd8 35. Rxd8+ Kf7 36. gxh3 Be3 37. Rd7+ Kg6 38. h4 Kf5 39. Bc3 Ke4 40. Rxh7 e5 41. g6 Kd3 42. g7 Kxc4 43. g8=Q+ Kd3 44. Bxe5 Bd4 45. Qd5 Ke3 46. Bxd4+ cxd4 47. Re7+ Kd3 48. Qb3+ Kd2 49. Qc4 d3 50. Qc3+ 1-0


[Site "https://www.chess.com"]

[Event "Early Titled Tuesday Blitz | February 8 2022"]
[White "Yuan, Qingyu"]
[Black "Rodchenkov, Sergey D."]
[WhiteFideId "8609772"]
[BlackFideId "4168712"]
[WhiteElo "2359"]
[BlackElo "2306"]
[Result "1-0"]
[Round "03"]
[TimeControl "180+1"]
[Date "2022.02.08"]
[WhiteClock "0:00:12"]
[BlackClock "0:00:09"]

1. Nf3 d5 2. g3 Nf6 3. Bg2 Bg4 4. O-O c6 5. h3 Bh5 6. d3 Nbd7 7. c4 dxc4 8. dxc4 e5 9. Nc3 Bc5 10. Nh4 O-O 11. Qc2 a5 12. Na4 Ba7 13. Rd1 Bg6 14. Nxg6 hxg6 15. c5 Qe7 16. Be3 Rfd8 17. Qc3 Bb8 18. Rd2 Bc7 19. Qb3 Rdb8 20. Rad1 Nf8 21. Nb6 Bxb6 22. Qxb6 Ne6 23. Rd6 Nc7 24. Bg5 Ne6 25. Be3 Nc7 26. Bg5 Ne6 27. Bxf6 gxf6 28. e3 Ra6 29. Qb3 Nxc5 30. Qc4 Ne6 31. h4 Raa8 32. Rd7 Qe8 33. h5 Rd8 34. Rxd8 Rxd8 35. Rxd8 Qxd8 36. hxg6 Qd1+ 37. Bf1 Ng5 38. f4 Nf3+ 39. Kf2 Qd2+ 40. Kxf3 e4+ 41. Kg4 f5+ 42. Kh3 Qd5 43. Qxd5 cxd5 44. gxf7+ Kxf7 45. g4 Ke6 46. g5 d4 47. exd4 Kf7 48. Bc4+ Kg7 49. Kg3 b6 50. Kf2 Kg6 51. Bb5 Kh5 52. Ke3 Kg4 53. Be2+ Kh3 54. g6 Kg2 55. g7 Kh2 56. g8=Q b5 57. d5 b4 58. d6 1-0


[Site "https://www.chess.com"]

[Event "Early Titled Tuesday Blitz | February 8 2022"]
[White "Zaichenko, Daria"]
[Black "Sokolovsky, Yahli"]
[WhiteFideId "4197453"]
[BlackFideId "2820242"]
[WhiteElo "2039"]
[BlackElo "1770"]
[Result "1-0"]
[Round "03"]
[TimeControl "180+1"]
[Date "2022.02.08"]
[WhiteClock "0:00:06"]
[BlackClock "0:00:09"]

1. e4 g6 2. d4 Bg7 3. Nc3 d6 4. f4 Nf6 5. Nf3 O-O 6. Bd3 c5 7. d5 e6 8. dxe6 fxe6 9. Be3 Nc6 10. e5 Ng4 11. Qe2 Nxe3 12. Qxe3 dxe5 13. fxe5 Nd4 14. O-O-O Nxf3 15. gxf3 Qh4 16. Qxc5 Qf4+ 17. Kb1 Qxe5 18. Qc4 Bd7 19. Bxg6 hxg6 20. Rxd7 Rac8 21. Qh4 Rxc3 22. bxc3 Qxc3 23. Rxg7+ Kxg7 24. Qe7+ Rf7 25. Qxe6 Qxf3 26. Rg1 Qf5 27. Qe3 Rf6 28. h4 Qb5+ 29. Kc1 Qd7 30. h5 Qf7 31. Qe5 Kg8 32. hxg6 Rxg6 33. Rxg6+ Qxg6 34. Qb8+ Kg7 35. Qxb7+ Kh6 36. Qxa7 Qg5+ 37. Kb2 Qb5+ 38. Ka3 Qc4 39. Qa4 Qc3+ 40. Qb3 Qa5+ 41. Kb2 Qe5+ 42. Qc3 Qb5+ 43. Kc1 Qf1+ 44. Kb2 Qb5+ 45. Qb3 Qe5+ 46. c3 Qe2+ 47. Qc2 Qb5+ 48. Kc1 Qf1+ 49. Qd1 Qc4 50. Qd2+ Kg6 51. Qc2+ Kf6 52. a4 Qf1+ 53. Kb2 Qc4 54. Qb3 Qe2+ 55. Ka3 Qe7+ 56. Qb4 Qe1 57. a5 Qa1+ 58. Kb3 Qb1+ 59. Kc4 Qe4+ 60. Kb5 Qe8+ 61. Kc5 Qe5+ 62. Kc4 Qe4+ 63. Kb3 Qb1+ 64. Ka4 Qa2+ 65. Kb5 Qd5+ 66. Qc5 Qb3+ 67. Ka6 Qc2 68. c4 Ke6 69. Qb6+ Kd7 70. c5 Qd3+ 71. Qb5+ Qxb5+ 72. Kxb5 Kc7 73. a6 Kb8 74. c6 Ka7 75. Ka5 Kb8 76. Kb6 Ka8 77. Kb5 Kb8 78. Kc5 Ka7 79. Kd6 Kb8 80. c7+ Ka7 81. Kd7 Kb6 82. c8=Q Ka5 83. Qd8+ Kb4 84. a7 Kc5 85. a8=Q Kc4 86. Qa7 Kc3 87. Qa6 Kc2 88. Qe7 Kc3 89. Qee6 Kd4 90. Qb5 Kc3 91. Qbc4+ Kb2 92. Qe5+ Ka3 93. Qcc3+ 1-0


[Site "https://www.chess.com"]

[Event "Early Titled Tuesday Blitz | February 8 2022"]
[White "Zarnicki, Pablo"]
[Black "Lakshmi C"]
[WhiteFideId "100137"]
[BlackFideId "25035347"]
[WhiteElo "2467"]
[BlackElo "1775"]
[Result "1-0"]
[Round "03"]
[TimeControl "180+1"]
[Date "2022.02.08"]
[WhiteClock "0:00:17"]
[BlackClock "0:00:02"]

1. e4 c5 2. Nf3 Nc6 3. d4 cxd4 4. Nxd4 Nf6 5. Nc3 e5 6. Ndb5 d6 7. Bg5 a6 8. Na3 b5 9. Nd5 Be7 10. Bxf6 Bxf6 11. c4 b4 12. Nc2 Rb8 13. g3 Bg5 14. h4 Bh6 15. Bh3 Be6 16. Kf1 O-O 17. Kg2 g6 18. Qd3 f5 19. Nce3 Qd7 20. Rad1 f4 21. Bxe6+ Qxe6 22. Nc2 Rf7 23. gxf4 exf4 24. f3 g5 25. hxg5 Bxg5 26. Nd4 Qg6 27. Nxc6 Bh4+ 28. Kf1 Rg7 29. Rd2 Qg3 30. Qe2 Re8 31. Qf2 Qxf2+ 32. Rxf2 Bxf2 33. Nf6+ Kf7 34. Nxe8 Kxe8 35. Kxf2 Kd7 36. Nxb4 a5 37. Nd5 Kc6 38. Nxf4 Kc5 39. b3 Kb4 40. Rh5 Ra7 41. Rb5+ Ka3 42. Ne2 Kxa2 43. Nc3+ Kb2 44. Na4+ Kc2 45. Ke3 h6 46. f4 Ra8 47. e5 dxe5 48. fxe5 h5 49. e6 h4 50. Rh5 Ra6 51. Nc5 Ra7 52. Rxh4 Rc7 53. Re4 Rxc5 54. e7 Rc8 55. e8=Q Rxe8 56. Rxe8 Kxb3 57. Kd4 a4 58. Rb8+ Ka3 59. Kc3 Ka2 60. c5 a3 61. c6 Ka1 62. c7 a2 63. Ra8 Kb1 64. c8=Q Ka1 65. Rxa2+ Kb1 66. Rb2+ Kc1 67. Qa6 Kd1 68. Qa1# 1-0


[Site "https://www.chess.com"]

[Event "Early Titled Tuesday Blitz | February 8 2022"]
[White "Zhigalko, Sergei"]
[Black "Ohanyan, Emin"]
[WhiteFideId "13502956"]
[BlackFideId "13312022"]
[WhiteElo "2662"]
[BlackElo "1809"]
[Result "1-0"]
[Round "03"]
[TimeControl "180+1"]
[Date "2022.02.08"]
[WhiteClock "0:00:06"]
[BlackClock "0:00:02"]

1. e4 e5 2. Nf3 Nc6 3. Bc4 Nf6 4. d3 Bc5 5. O-O O-O 6. Nc3 h6 7. Nd5 d6 8. c3 Nxd5 9. Bxd5 Ne7 10. Bb3 Bb6 11. Nh4 Kh7 12. Qh5 Qe8 13. a4 a5 14. Be3 Ba7 15. Bxa7 Rxa7 16. d4 f6 17. Qxe8 Rxe8 18. Rfe1 g5 19. Nf3 Ra8 20. Nd2 b6 21. Rad1 Kg7 22. Nf1 Ng6 23. Ne3 Ne7 24. f3 Bd7 25. Kf2 Rad8 26. Rh1 Rh8 27. h4 Bc6 28. Rh2 Bb7 29. Rdh1 Bc8 30. Bc4 c6 31. Bb3 Ng6 32. g3 Ne7 33. Nc4 b5 34. Nxa5 Bd7 35. Nb7 Rb8 36. Nxd6 bxa4 37. Bxa4 Rxb2+ 38. Ke3 Ra8 39. Rxb2 Rxa4 40. Rb7 1-0


[Site "https://www.chess.com"]

[Event "Early Titled Tuesday Blitz | February 8 2022"]
[White "Zubov, Alexander"]
[Black "Budrewicz, Krzysztof"]
[WhiteFideId "14109409"]
[BlackFideId "1127950"]
[WhiteElo "2685"]
[BlackElo "2248"]
[Result "1/2-1/2"]
[Round "03"]
[TimeControl "180+1"]
[Date "2022.02.08"]
[WhiteClock "0:00:06"]
[BlackClock "0:00:10"]

1. d4 Nf6 2. c4 g6 3. Nc3 Bg7 4. e4 O-O 5. Nf3 d6 6. Be2 e5 7. d5 a5 8. Be3 Ng4 9. Bg5 f6 10. Bh4 Na6 11. Nd2 Nh6 12. f3 Bd7 13. a3 Nf7 14. Qc2 h5 15. Rb1 Bh6 16. Bf2 Nc5 17. b4 axb4 18. axb4 Na4 19. Nd1 f5 20. O-O h4 21. c5 Qg5 22. Ne3 h3 23. g3 Qe7 24. c6 bxc6 25. dxc6 Be6 26. Bc4 Nb6 27. Bxe6 Qxe6 28. Nec4 Nxc4 29. Qxc4 Nd8 30. Qxe6+ Nxe6 31. Nc4 fxe4 32. fxe4 Ra2 33. Rb2 Rxb2 34. Nxb2 Rf3 35. Nc4 Rb3 36. Re1 Rxb4 37. Ne3 Rxe4 38. Nd5 Rxe1+ 39. Bxe1 Bg5 40. Ba5 Bd8 41. Kf2 Kf7 42. g4 Nd4 43. Bxc7 Bxc7 44. Nxc7 Nxc6 45. Kg3 Ne7 46. Kxh3 d5 47. Kg3 Kf6 48. h4 d4 49. Kf3 g5 50. h5 Ng8 51. Ke4 Nh6 52. Nd5+ Ke6 53. Nc7+ Kd6 54. Ne8+ Ke7 55. Ng7 Nxg4 56. Kf5 Nf6 57. Kxe5 d3 58. Nf5+ Kf7 59. Ne3 Nxh5 60. Ke4 Nf4 61. Nc4 Kg6 62. Nd2 Kh5 63. Kf3 Kh4 64. Ne4 Ne6 65. Ke3 Nf4 66. Kf3 Nd5 67. Nf2 Nb4 68. Ne4 Nc2 69. Nf2 Kh5 70. Nxd3 Kh4 71. Ke4 g4 72. Ne5 g3 73. Nf3+ Kh3 74. Kd3 Kg2 75. Nh4+ Kh3 76. Nf3 Kg4 77. Ng1 Ne1+ 78. Ke2 Ng2 79. Kf1 Nf4 80. Ke1 Nh3 81. Kf1 Nxg1 82. Kxg1 Kf3 83. Kf1 g2+ 84. Kg1 Kg3 1/2-1/2


[Site "https://www.chess.com"]

[Event "Early Titled Tuesday Blitz | February 8 2022"]
[White "Aaditya Dhingra"]
[Black "Rasulov, Vugar"]
[WhiteFideId "25678191"]
[BlackFideId "13402390"]
[WhiteElo "1789"]
[BlackElo "2560"]
[Result "1-0"]
[Round "04"]
[TimeControl "180+1"]
[Date "2022.02.08"]
[WhiteClock "0:00:04"]
[BlackClock "0:00:50"]

1. e4 d5 2. exd5 Qxd5 3. Nc3 Qa5 4. d4 Nf6 5. Bc4 c6 6. Ne2 Bg4 7. f3 Bh5 8. O-O Nbd7 9. Nf4 Bg6 10. Kh1 e6 11. Qe2 O-O-O 12. Bd2 Qc7 13. a4 Bd6 14. g3 Nd5 15. Bxd5 exd5 16. a5 Rhe8 17. Qf2 Nf6 18. Rfc1 Re7 19. Na4 Rde8 20. Nc5 Bxc5 21. dxc5 a6 22. Bc3 Nd7 23. Bd4 Ne5 24. Re1 Nxf3 25. Rxe7 Rxe7 26. Nxg6 hxg6 27. Qxf3 f6 28. Qg4+ Kb8 29. Qxg6 Qd7 30. Qd3 Re4 31. c3 Qe6 32. Rf1 Ka7 33. Qf3 Re2 34. Rf2 Re1+ 35. Kg2 Qe8 36. Rd2 Qg6 37. Re2 Ra1 38. Bf2 Rxa5 39. b4 Ra1 40. c4 dxc4 41. Qf4 Qd3 42. Qe4 Qb3 43. Qf4 Qd1 44. Re1 Qd5+ 45. Qf3 Qxf3+ 46. Kxf3 Ra3+ 47. Ke4 Ra2 48. Kf3 a5 49. bxa5 Ka6 50. Rc1 Ra4 51. Be1 Kb5 52. Rb1+ Ka6 53. Rb6+ Ka7 54. Ke2 Ra2+ 55. Ke3 Rxh2 56. Kd4 Re2 57. Bc3 Rg2 58. a6 bxa6 59. Rxc6 Rxg3 60. Kxc4 Rg2 61. Rc7+ Kb8 62. Rf7 Rg5 63. c6 Kc8 64. Bb4 Rg2 65. Bd6 Rc2+ 66. Kd5 Rd2+ 67. Kc5 Rc2+ 68. Kb6 Rb2+ 69. Ka7 Ra2 70. Rf8# 1-0


[Site "https://www.chess.com"]

[Event "Early Titled Tuesday Blitz | February 8 2022"]
[White "Agasarov, Benik"]
[Black "Tarhan, Adar"]
[WhiteFideId "13314823"]
[BlackFideId "34544712"]
[WhiteElo "2587"]
[BlackElo "1802"]
[Result "1/2-1/2"]
[Round "04"]
[TimeControl "180+1"]
[Date "2022.02.08"]
[WhiteClock "0:00:28"]
[BlackClock "0:00:03"]

1. e4 c5 2. Nf3 d6 3. d4 cxd4 4. Nxd4 a6 5. Nc3 Nf6 6. h3 e5 7. Nb3 Be6 8. f4 Nbd7 9. f5 Bxb3 10. axb3 Rc8 11. g4 d5 12. exd5 Bb4 13. Bg2 Qb6 14. Bd2 e4 15. Qe2 O-O 16. O-O-O Rfe8 17. Qe3 Qxe3 18. Bxe3 Bxc3 19. bxc3 Rxc3 20. Rhe1 Rec8 21. Re2 Rxb3 22. g5 Nh5 23. Bf2 Nf4 24. Rxe4 Nxg2 25. Rg1 Rbc3 26. Rxg2 Rxc2+ 27. Kd1 Ra2 28. Re2 Rc1+ 29. Kxc1 Rxe2 30. Kd1 Ra2 31. Ke1 b5 32. Rg4 Ra4 33. Rxa4 bxa4 34. Kd2 Ne5 35. Kc3 Kf8 36. Bg3 Nf3 37. h4 a3 38. Kb3 Nd4+ 39. Kxa3 Nxf5 40. Bf2 Ke8 41. Kb4 Kd7 42. Kc5 a5 43. h5 a4 44. Kb4 Kd6 45. Kc4 a3 46. Bc5+ Ke5 47. Bxa3 Ne3+ 48. Kd3 Nxd5 49. Bb2+ Ke6 50. Bxg7 Nf4+ 51. Ke4 Nxh5 52. Bh8 Ng3+ 53. Kf4 Nf5 54. Kg4 Ne7 55. Kh5 Ng8 56. Bg7 Kf5 57. Bf8 f6 58. gxf6 Nxf6+ 59. Kh6 Ke6 60. Bg7 Kf7 61. Bh8 Ng8+ 62. Kxh7 1/2-1/2


[Site "https://www.chess.com"]

[Event "Early Titled Tuesday Blitz | February 8 2022"]
[White "Aggelis, Nikolaos"]
[Black "Dew, Brian"]
[WhiteFideId "4213220"]
[BlackFideId "6000495"]
[WhiteElo "2154"]
[BlackElo "2118"]
[Result "1-0"]
[Round "04"]
[TimeControl "180+1"]
[Date "2022.02.08"]
[WhiteClock "0:00:14"]
[BlackClock "0:00:09"]

1. d4 b6 2. g3 Bb7 3. Nf3 g6 4. Bg2 Bg7 5. O-O Nf6 6. b3 c5 7. Bb2 cxd4 8. Qxd4 Nh5 9. Qxg7 Nxg7 10. Bxg7 Rg8 11. Bb2 Nc6 12. c4 Qc7 13. Nc3 e6 14. Nb5 Qb8 15. Ba3 f6 16. Bd6 Qc8 17. Nc7+ Kf7 18. Nxa8 Bxa8 19. Rfd1 Ne7 20. Rd2 Nf5 21. Rad1 Qa6 22. a4 Rc8 23. g4 Nxd6 24. Rxd6 Bc6 25. Nd4 Bxg2 26. Kxg2 Qb7+ 27. f3 a6 28. Nxe6 Ke7 29. Nf4 Rc7 30. Rxb6 Qa7 31. Nd5+ Kf7 32. Rxf6+ Kg7 33. g5 Rc6 34. Rf4 Qb7 35. Rd3 Re6 36. e4 Qb8 37. Rf6 Qe5 38. h4 h6 39. gxh6+ Kxh6 40. Rxe6 dxe6 41. Ne3 Qb2+ 42. Kg3 Qe2 43. Ng4+ Kh5 44. Rd7 Qe1+ 45. Kf4 Qc1+ 46. Ke5 Kxh4 47. Kxe6 Qf4 48. Ne5 g5 49. Ng6+ Kg3 50. Nxf4 gxf4 51. Rd3 1-0


[Site "https://www.chess.com"]

[Event "Early Titled Tuesday Blitz | February 8 2022"]
[White "Agibileg, Uurtsaikh"]
[Black "Decuigniere, Tom"]
[WhiteFideId "4901606"]
[BlackFideId "26093820"]
[WhiteElo "2205"]
[BlackElo "1997"]
[Result "1-0"]
[Round "04"]
[TimeControl "180+1"]
[Date "2022.02.08"]
[WhiteClock "0:02:11"]
[BlackClock "0:00:18"]

1. d4 Nf6 2. c4 e6 3. Nc3 Bb4 4. a3 Bxc3+ 5. bxc3 O-O 6. f3 d5 7. cxd5 exd5 8. e3 b6 9. Bd3 c5 10. Ne2 Ba6 11. O-O Bxd3 12. Qxd3 c4 13. Qd2 Re8 14. Ng3 h5 15. Qf2 Nc6 16. Ra2 b5 17. Re2 a5 18. e4 b4 19. Bg5 bxc3 20. Nxh5 Nxh5 21. Bxd8 Raxd8 22. exd5 Rxe2 23. Qxe2 Nxd4 24. Qe7 Rxd5 25. Qe8+ Kh7 26. Qe4+ 1-0


[Site "https://www.chess.com"]

[Event "Early Titled Tuesday Blitz | February 8 2022"]
[White "Allahverdiyeva, Ayan"]
[Black "Fernandez, Michael"]
[WhiteFideId "13412590"]
[BlackFideId "5803560"]
[WhiteElo "1910"]
[BlackElo "2110"]
[Result "0-1"]
[Round "04"]
[TimeControl "180+1"]
[Date "2022.02.08"]
[WhiteClock "0:00:58"]
[BlackClock "0:01:30"]

1. e4 c6 2. d4 d5 3. e5 Bf5 4. Nf3 e6 5. Be2 a6 6. O-O c5 7. c4 dxc4 8. Na3 b5 9. Be3 Nc6 10. dxc5 Qxd1 11. Rfxd1 Nge7 12. Nd4 Nxd4 13. Bxd4 Nc6 14. Bf3 Rc8 15. Be3 Rc7 16. Re1 Nxe5 17. Ba8 Nd3 18. b4 cxb3 19. axb3 Nxe1 20. Rxe1 Bxc5 21. Rc1 Bd6 22. Rxc7 Bxc7 23. Bb7 Bd6 24. Bc1 Ke7 25. Bxa6 Ra8 26. Bb7 Rxa3 27. Bxa3 Bxa3 28. Bc6 b4 29. Ba4 Bc2 30. Kf1 Bc1 31. Ke2 Kd6 32. f3 f5 33. h3 e5 34. Ke1 e4 35. Ke2 Ke5 36. fxe4 fxe4 37. Kf1 Kd4 38. Ke2 Kc3 0-1


[Site "https://www.chess.com"]

[Event "Early Titled Tuesday Blitz | February 8 2022"]
[White "Al-Tarboush, Ward"]
[Black "Ter-Sahakyan, Samvel"]
[WhiteFideId "7601450"]
[BlackFideId "13302531"]
[WhiteElo "2276"]
[BlackElo "2592"]
[Result "0-1"]
[Round "04"]
[TimeControl "180+1"]
[Date "2022.02.08"]
[WhiteClock "0:00:33"]
[BlackClock "0:00:28"]

1. d4 Nf6 2. Nc3 e6 3. e4 d5 4. exd5 exd5 5. Bg5 Bb4 6. Bd3 h6 7. Bf4 O-O 8. Ne2 c6 9. f3 c5 10. dxc5 Nc6 11. a3 Bxc5 12. Qd2 Re8 13. O-O-O Ne5 14. Kb1 d4 15. Ne4 Nxd3 16. cxd3 Bf8 17. Rc1 Nd5 18. g4 Qb6 19. Ka1 Be6 20. h4 Rac8 21. h5 Bb4 22. Rxc8 Rxc8 23. axb4 Qa6+ 24. Kb1 Nxf4 25. Nc1 Nxd3 26. Qxd3 Rxc1+ 0-1


[Site "https://www.chess.com"]

[Event "Early Titled Tuesday Blitz | February 8 2022"]
[White "Andreikin, Dmitry"]
[Black "Kopylov, Alexander A."]
[WhiteFideId "4158814"]
[BlackFideId "4164857"]
[WhiteElo "2736"]
[BlackElo "2436"]
[Result "0-1"]
[Round "04"]
[TimeControl "180+1"]
[Date "2022.02.08"]
[WhiteClock "0:00:03"]
[BlackClock "0:00:16"]

1. c4 Nf6 2. Nc3 g6 3. e4 d6 4. d4 Bg7 5. h3 O-O 6. Be3 a6 7. Nf3 Nbd7 8. Be2 e5 9. d5 Nh5 10. g3 f5 11. exf5 gxf5 12. Ng5 f4 13. Ne6 fxe3 14. Nxd8 exf2+ 15. Kd2 Nxg3 16. Ne6 Nc5 17. Nxf8 Bh6+ 18. Kc2 Bf5+ 19. Ne4 Bxe4+ 20. Kc3 Rxf8 21. b4 Bxh1 22. bxc5 Bg2 23. cxd6 cxd6 24. c5 Be3 25. Bd3 Bd4+ 26. Kc4 Rf4 27. cxd6 Bxa1+ 28. Kb3 Bd4 29. d7 Bb6 30. Qc2 Bxd5+ 31. Ka3 Rf3 32. Kb2 Rxd3 33. Qxf2 Bxf2 34. d8=Q+ Kf7 35. Qd7+ Kf6 36. Qxh7 Bd4+ 37. Kc1 Ne2+ 38. Kc2 Nf4 39. Qh6+ Kf5 40. Qh7+ Ke6 41. Qg8+ Kd7 42. Qg7+ Kd6 43. Qf8+ Kc6 44. Qf6+ Kb5 45. h4 Rc3+ 46. Kd2 Rd3+ 47. Kc2 Rh3 48. a4+ Ka5 49. Qd8+ b6 50. Qc8 Rh2+ 51. Kd1 Bf3+ 52. Kc1 Be3+ 53. Kb1 Be4+ 54. Ka1 Bd4+ 0-1


[Site "https://www.chess.com"]

[Event "Early Titled Tuesday Blitz | February 8 2022"]
[White "Aradhya, Garg"]
[Black "Yoo, Christopher Woojin"]
[WhiteFideId "25006746"]
[BlackFideId "30909694"]
[WhiteElo "2169"]
[BlackElo "2105"]
[Result "1-0"]
[Round "04"]
[TimeControl "180+1"]
[Date "2022.02.08"]
[WhiteClock "0:01:02"]
[BlackClock "0:00:06"]

1. d4 Nf6 2. c4 e6 3. Nf3 d5 4. Nc3 h6 5. Bf4 Bb4 6. e3 O-O 7. Rc1 c5 8. dxc5 Nbd7 9. Be2 Nxc5 10. O-O b6 11. Nb5 Nce4 12. Nc7 Rb8 13. Nxd5 exd5 14. Bxb8 Bg4 15. a3 Bxa3 16. bxa3 Qxb8 17. cxd5 Rd8 18. Nd4 Bxe2 19. Qxe2 Rxd5 20. Qa6 Nc5 21. Qe2 Qe5 22. Rfd1 Qe4 23. Qf3 Qg6 24. Nc6 Rxd1+ 25. Rxd1 Qc2 26. Ne7+ Kf8 27. Nd5 Nfe4 28. Nf4 Kg8 29. h4 Nb3 30. Qe2 Nbd2 31. Nd5 Qa2 32. f3 1-0


[Site "https://www.chess.com"]

[Event "Early Titled Tuesday Blitz | February 8 2022"]
[White "Araujo Sanchez, Josue"]
[Black "Berezin, Viktor"]
[WhiteFideId "6416896"]
[BlackFideId "14107872"]
[WhiteElo "2357"]
[BlackElo "2310"]
[Result "1-0"]
[Round "04"]
[TimeControl "180+1"]
[Date "2022.02.08"]
[WhiteClock "0:00:33"]
[BlackClock "0:01:31"]

1. e4 d5 2. exd5 Nf6 3. c4 c6 4. Nc3 cxd5 5. cxd5 Nxd5 6. d4 Nc6 7. Nf3 g6 8. Bc4 Nb6 9. Bb3 e6 10. Bg5 Be7 11. h4 h6 12. Bxe7 Qxe7 13. Qd2 Na5 14. O-O Nxb3 15. axb3 h5 16. Rfe1 Kf8 17. d5 Kg7 18. Ng5 Rd8 19. Rad1 Qf6 20. Nce4 Qe5 21. f4 Qc7 22. d6 1-0


[Site "https://www.chess.com"]

[Event "Early Titled Tuesday Blitz | February 8 2022"]
[White "Artemenko, Oleg"]
[Black "Martirosyan, Haik M."]
[WhiteFideId "14201798"]
[BlackFideId "13306553"]
[WhiteElo "2287"]
[BlackElo "2735"]
[Result "0-1"]
[Round "04"]
[TimeControl "180+1"]
[Date "2022.02.08"]
[WhiteClock "0:00:01"]
[BlackClock "0:01:00"]

1. d4 Nf6 2. Nc3 e6 3. Bf4 d5 4. e3 Bd6 5. g4 c5 6. g5 Bxf4 7. exf4 Nfd7 8. Nf3 Nc6 9. Qd2 Qb6 10. O-O-O cxd4 11. Nxd4 Nxd4 12. Qxd4 Qxd4 13. Rxd4 g6 14. Bb5 a6 15. Bxd7+ Bxd7 16. Re1 O-O-O 17. f5 gxf5 18. Rh4 Rdg8 19. f4 h6 20. gxh6 Rg6 21. h7 Rg7 22. Rh1 Bc6 23. Ne2 Kd7 24. Nd4 Rgxh7 25. Rxh7 Rxh7 26. h4 Rh5 27. Rh2 Kd6 28. Kd2 f6 29. Ne2 Bd7 30. c3 a5 31. b3 b5 32. a3 b4 33. cxb4 axb4 34. Ng3 Rh6 35. axb4 e5 36. h5 d4 37. Ke1 Kd5 38. Rh4 e4 39. Ne2 d3 40. Ng3 Kd4 41. Nf1 Bb5 42. Kd2 Bd7 43. Ne3 Be6 44. Rh1 Bd7 45. Rh4 Rh7 46. h6 Be6 47. Rh5 Ra7 0-1


[Site "https://www.chess.com"]

[Event "Early Titled Tuesday Blitz | February 8 2022"]
[White "Ashiev, Eduard"]
[Black "Goltseva, Ekaterina"]
[WhiteFideId "4130090"]
[BlackFideId "24173770"]
[WhiteElo "2004"]
[BlackElo "2140"]
[Result "0-1"]
[Round "04"]
[TimeControl "180+1"]
[Date "2022.02.08"]
[WhiteClock "0:00:01"]
[BlackClock "0:00:11"]

1. d4 Nf6 2. Nf3 e6 3. c4 d5 4. Nc3 dxc4 5. e4 b5 6. e5 Nfd7 7. Nxb5 Nb6 8. Nc3 Nc6 9. Be3 Be7 10. Be2 Bb7 11. O-O O-O 12. Rc1 Rb8 13. Qc2 Nb4 14. Qb1 h6 15. Rfd1 Qd7 16. a3 N4d5 17. Ne4 Qc6 18. Nfd2 c3 19. Bf3 Na4 20. Nxc3 Naxc3 21. bxc3 Bxa3 22. c4 Ba8 23. Qd3 Bxc1 24. cxd5 exd5 25. h4 Bxd2 26. Bxd2 Qb5 27. Qe3 Qb3 28. Qf4 Rb6 29. Re1 Qd3 30. Be3 a5 31. Qg3 Qg6 32. Qh3 Rb1 33. Bd1 a4 34. h5 Qd3 35. Qf3 a3 36. Kh2 a2 37. Qg4 Kh8 38. Be2 Qc2 39. Bxh6 gxh6 40. Qh4 Qf5 41. Qe7 Rg8 42. Bf3 Rxe1 43. e6 Rxe6 0-1


[Site "https://www.chess.com"]